 Dungeon Crawl Stone Soup version 0.18-a0-1243-g9e52518 (webtiles) character file.

855 ololoev the Conjurer (level 7, -1/36 HPs)
             Began as a Deep Elf Fire Elementalist on Feb 5, 2016.
             Killed by divine providence
             ... invoked by an orc priest
              (12 damage)
             ... on level 5 of the Dungeon.
             The game lasted 00:15:12 (1556 turns).

ololoev the Conjurer (Deep Elf Fire Elementalist)   Turns: 1556, Time: 00:15:12

Health: -1/36      AC:  3    Str:  5    XL:     7   Next: 70%
Magic:  0/18       EV: 13    Int: 22    God:
Gold:   85         SH:  0    Dex: 15    Spells: 5 memorised, 2 levels left

rFire  + . .     SeeInvis .     a - +2 dagger (drain)
rCold  x . .     Gourm    .     r - +1 robe
rNeg   . . .     Faith    .     (no shield)
rPois  .         Spirit   .     (no helmet)
rElec  .         Dismiss  .     (no cloak)
rCorr  .         Reflect  .     (no gloves)
SustAt .         Harm     .     (no boots)
MR     +....                    (no amulet)
Stlth  ++........               d - ring of fire
                                m - ring of protection from magic

@: somewhat resistant to hostile enchantments, unstealthy
A: no striking features
a: no special abilities

Inventory:

Hand Weapons
 a - a +2 dagger of draining (weapon)
Armour
 p - a +0 buckler
 r - a +1 robe (worn)
Jewellery
 d - a ring of fire (right hand)
 m - a ring of protection from magic (left hand)
Wands
 q - a wand of slowing (31/48)
 u - a wand of lightning (0/15)
Scrolls
 e - 2 scrolls of teleportation {unknown}
 f - 2 scrolls of remove curse
 g - 2 scrolls of identify {unknown}
 l - a scroll of random uselessness {unknown}
 n - a scroll of amnesia {unknown}
Potions
 j - a potion of agility {unknown}
 s - a potion of might {unknown}
 t - a potion of lignification {unknown}
Books
 b - a book of Flames

   Spells                             Type                      Level
   a - Flame Tongue                   Conjuration/Fire             1
   b - Throw Flame                    Conjuration/Fire             2
   c - Conjure Flame                  Conjuration/Fire             3
   d - Inner Flame                    Hexes/Fire                   3
   e - Sticky Flame                   Conjuration/Fire             4
   f - Fireball                       Conjuration/Fire             5
Comestibles
 c - 2 bread rations
 h - a beef jerky
 i - a slice of pizza
 k - 2 meat rations


   Skills:
 - Level 2.4 Dodging
 - Level 2.4 Stealth
 + Level 6.3 Spellcasting
 * Level 6.9 Conjurations
 + Level 5.7 Fire Magic


You had 2 spell levels left.
You knew the following spells:

 Your Spells              Type           Power        Failure   Level  Hunger
a - Flame Tongue          Conj/Fire      #####        1%          1    None
b - Conjure Flame         Conj/Fire      ######..     1%          3    #......
c - Sticky Flame          Conj/Fire      ######..     10%         4    ###....
d - Fireball              Conj/Fire      ######....   21%         5    #####..
e - Inner Flame           Hex/Fire       ####....     12%         3    #......


You were on level 5 of the Dungeon.
You were very hungry.

You visited 2 branches of the dungeon, and saw 7 of its levels.

You collected 85 gold pieces.

#.# #.. #.( #..##
.... #.... # (...
#l#.# # ## #.o##.#.#
# #.. ### #oo#.#.#
#.. ##8####o§.#.#
#..##.....###@#.#####
#..................%#
#.#..#.###......###.#
#.##...# #.######
#.##.### #.# #.##.#
#.# # #.##.# #.. #.
#.##.# ### #. #.##.#
###.

Notes
Turn   | Place    | Note
--------------------------------------------------------------
     0 | D:1      | ololoev the Deep Elf Fire Elementalist began the quest for the Orb.
     0 | D:1      | Reached XP level 1. HP: 10/10 MP: 6/6
   241 | D:2      | Reached XP level 2. HP: 15/15 MP: 6/8
   385 | D:4      | Noticed a scorpion
   393 | D:4      | Noticed a giant frog
   427 | D:4      | Reached XP level 3. HP: 11/19 MP: 6/9
   432 | D:4      | Learned a level 3 spell: Conjure Flame
   436 | D:4      | Learned a level 3 spell: Inner Flame
   464 | D:4      | Noticed Chiseanne's ghost (novice CeAE)
   479 | D:4      | Killed a scorpion
   479 | D:4      | Reached skill level 4 in Spellcasting
   479 | D:4      | Reached XP level 4. HP: 8/24 MP: 7/12
   485 | D:4      | Learned a level 4 spell: Sticky Flame
   539 | D:4      | Found a shimmering altar of Xom.
   619 | D:5      | Entered Level 5 of the Dungeon
   653 | D:4      | Reached XP level 5. HP: 15/28 MP: 5/13
   764 | D:4      | HP: 1/28 [Chiseanne's ghost/zap (5)]
   767 | D:4      | Killed Chiseanne's ghost
   767 | D:4      | Reached skill level 5 in Spellcasting
   767 | D:4      | Reached skill level 5 in Conjurations
   767 | D:4      | Reached skill level 5 in Fire Magic
   767 | D:4      | Reached XP level 6. HP: 1/32 MP: 6/16
   828 | D:4      | Reached XP level 7. HP: 7/36 MP: 6/17
   849 | D:4      | Learned a level 5 spell: Fireball
   901 | D:5      | Reached skill level 6 in Conjurations
  1202 | D:5      | Found a staircase to the Ecumenical Temple.
  1211 | Temple   | Entered the Ecumenical Temple
  1556 | D:5      | Killed from afar by an orc priest

Dungeon Overview and Level Annotations

Branches:
Dungeon (6/15)             Temple (1/1) D:5

Altars:
Ashenzari
Cheibriados
Dithmenos
Elyvilon
Fedhas
Gozag
Kikubaaqudgha
Nemelex Xobeh
Okawaru
Ru
Xom
Yredelemnul
The Shining One


Message History

The orc priest is severely wounded.
The bolt of lightning hits the orc wizard.
The orc wizard is severely wounded.
The bolt of lightning hits the orc.
The orc is lightly wounded.
Evoking this partially-identified wand wasted a few charges.
Unknown command.
Casting: Inner Flame
Confirm with . or Enter, or press ? or * to list all spells.
Aiming: Flame Tongue
Press: ? - help, Shift-Dir - straight line, f - orc warrior
Aim: an orc warrior, wielding a hand axe and wearing a plate armour You feel a surge of power!
The flame tongue hits the orc warrior.
The orc warrior is moderately wounded.
Casting: Flame Tongue
Confirm with . or Enter, or press ? or * to list all spells.
Aiming: Flame Tongue
Press: ? - help, Shift-Dir - straight line, f - orc priest, p - orc warrior
Aim: an orc priest (severely wounded, inner flame)
You feel a surge of power!
The flame tongue misses the orc priest.
The flame tongue hits the orc.
You kill the orc!
Evoke which item? (* to show all) (? for menu, Esc to quit)
Zapping:
u - a wand of lightning {zapped: 11} (will waste charges)
Press: ? - help, Shift-Dir - straight line, p - orc priest Nothing appears to happen.
A giant gecko comes into view.
The orc priest calls down the wrath of Beogh upon you.
Something smites you!
Casting: Flame Tongue
Confirm with . or Enter, or press ? or * to list all spells.
Aiming: Flame Tongue
Press: ? - help, Shift-Dir - straight line, f - orc warrior
Aim: an orc warrior, wielding a hand axe and wearing a plate armour (moderately wounded)
You feel a surge of power!
The flame tongue hits the orc warrior.
The orc warrior appears unharmed.
The orc warrior is moderately wounded.
The orc priest calls down the wrath of Beogh upon you.
Something smites you!
You die...

You could see an orc warrior, an orc priest (inner flame), an orc wizard, an orc and a giant gecko.

Vanquished Creatures
  The ghost of Chiseanne the Skirmisher, a novice CeAE (D:4)
  A sky beast (D:5)
  An orc warrior (D:5)
  A scorpion (D:4)
  A hound (D:6)
  2 iguanas (D:4)
  2 orc wizards (D:5)
  4 worker ants
  2 adders
  An adder skeleton (D:4)
  8 orcs
  A giant cockroach (D:1)
  2 goblins
  2 hobgoblins (D:1)
  2 jackals (D:4)
  A kobold (D:1)
  2 quokkas
  A giant gecko skeleton (D:4)
  A giant newt (D:4)
  A rat (D:1)
37 creatures vanquished.

Action                   |  1- 3 |  4- 6 |  7- 9 || total
-------------------------+-------+-------+-------++-------
Melee: Trident           |       |     5 |       ||     5
       Dagger            |       |     1 |     3 ||     4
 Cast: Flame Tongue      |    27 |    33 |    31 ||    91
       Conjure Flame     |       |     2 |     7 ||     9
       Inner Flame       |       |       |     5 ||     5
       Sticky Flame      |       |       |     2 ||     2
Evoke: Wand              |     4 |     4 |     4 ||    12
  Use: Potion            |     2 |       |       ||     2
       Scroll            |       |     3 |       ||     3
  Eat: Chunk             |       |       |     1 ||     1

Vault maps used:
D:1:      minmay_arrival_three_doors, minmay_hedge_maze, nrook_mini_backslash
D:2:      gammafunk_temple_overflow_wave, minmay_misc_feat_plants, bloody_trog
D:3:      zin_purify, uniq_jessica
D:4:      lemuel_doored_altar, first_bread
D:5:      minmay_temple_entry_grid, minmay_misc_feat_square,
          guppyfry_early_orc_mine
D:6:      grunt_temple_overflow_open
Temple:   minmay_temple_forest_path_12
